[Event "Early-Titled-Tuesday-Blitz-March-26-2024"]
[Site "Chess.com"]
[Date "2024.03.26"]
[Round "3"]
[White "Aural1011"]
[Black "Christ_is_alive"]
[Result "0-1"]
[WhiteElo "1739"]
[BlackElo "2332"]
[TimeControl "180+1"]
[EndTime "8:27:29 PDT"]
[Termination "Christ_is_alive won on time"]

1. d4 Nf6 2. c4 g6 3. Nc3 Bg7 4. e4 d6 5. h3 O-O 6. Be3 e5 7. d5 Na6 8. Nge2 Nc5 9. Qc2 a5 10. g4 c6 11. Ng3 a4 12. f3 Qa5 13. Be2 Bd7 14. h4 Rfc8 15. h5 a3 16. b3 cxd5 17. exd5 e4 18. Bd2 exf3 19. Bxf3 Re8+ 20. Kf1 Bxg4 21.
Bxg4 Nxg4 22. hxg6 hxg6 23. Kg2 Ne3+ 24. Bxe3 Rxe3 0-1

[Event "Early-Titled-Tuesday-Blitz-March-26-2024"]
[Site "Chess.com"]
[Date "2024.03.26"]
[Round "3"]
[White "ArchibaldCerveza29"]
[Black "NovoselovRoman"]
[Result "0-1"]
[WhiteElo "2360"]
[BlackElo "2555"]
[TimeControl "180+1"]
[EndTime "8:27:30 PDT"]
[Termination "NovoselovRoman won by resignation"]

1. e4 e6 2. d4 d5 3. Bd3 c5 4. exd5 Qxd5 5. Nf3 cxd4 6. O-O Nc6 7.
c4 Qh5 8. Bf4 Nf6 9. a3 a5 10.
Nbd2 Bc5 11. Qa4 Bd7 12. Qb3 b6 13. Ne4 Nxe4 14. Bxe4 O-O 15. Rfe1 Rac8 16. Qc2 Ne7 17. Rab1 a4 18. Bd3 Ng6 19. Bg3 Bc6 20. Ne5 Bb7 21.
Nxg6 hxg6 22. Re5 Qh6 23. b4 axb3 24. Rxb3 Bc6 25. Rb1 Ra8 26. a4 Bxa4 27. Qe2 Bc6 28. Qg4 Ra3 29. Bf4 Qh7 30. Rh5 Qxh5 0-1

[Event "Early-Titled-Tuesday-Blitz-March-26-2024"]
[Site "Chess.com"]
[Date "2024.03.26"]
[Round "3"]
[White "Bilan_Danila"]
[Black "temus_galaktionov"]
[Result "0-1"]
[WhiteElo "2658"]
[BlackElo "2885"]
[TimeControl "180+1"]
[EndTime "8:27:31 PDT"]
[Termination "temus_galaktionov won by resignation"]

1. d4 c6 2. Nf3 d6 3. Bg5 g6 4. c3 Bg7 5. e4 Nd7 6. Nbd2 h6 7. Bh4 Qc7 8. a4 Ngf6 9. Qc2 O-O 10. Bc4 a5 11. O-O e5 12. Rfe1 Nb6 13. Bb3 Re8 14. dxe5 dxe5 15. Nc4 Nxc4 16. Bxc4 Be6 17. Bxe6 Rxe6 18.
Rad1 Rd8 19. Rxd8+ Qxd8 20. Rd1 Rd6 21. Rxd6 Qxd6 22. Bxf6 Bxf6 23. Qd2 Qe6 24. Qxh6 Qa2 25. h4 Qxb2 26. Qe3 Qa1+ 27. Kh2 Qxa4 28. h5 gxh5 29. Qh6 Bg7 30. Qg5 Qxe4 31. Qd8+ Bf8 32. Qxa5 b5 33. Qd8 Qf4+ 34. Kg1 c5 35. Qd5 e4 36.
Ng5 e3 37. fxe3 Qxe3+ 38. Kh1 Qc1+ 39. Kh2 Qf4+ 40. Kg1 b4 41. cxb4 cxb4 42. Nf3 Qe3+ 43. Kf1 Qh6 44. Qd2 Qxd2 45. Nxd2 Kg7 46. Ke2 Kf6 47.
Kd3 Ke5 48. Kc4 Kf4 49. Nf3 f6 50. Kd3 Kg3 51. Ne1 Bd6 52. Ke2 b3 53. Nd3 Be5 54. Kd2 0-1

[Event "Early-Titled-Tuesday-Blitz-March-26-2024"]
[Site "Chess.com"]
[Date "2024.03.26"]
[Round "3"]
[White "gurelediz"]
[Black "Byniolus"]
[Result "0-1"]
[WhiteElo "2941"]
[BlackElo "2759"]
[TimeControl "180+1"]
[EndTime "8:27:32 PDT"]
[Termination "Byniolus won by resignation"]

1. e4 d5 2. exd5 Nf6 3. d4 Nxd5 4. Nf3 Bg4 5. Be2 e6 6. h3 Bh5 7. O-O Be7 8. c4 Nb6 9. Be3 Nc6 10. Nbd2 O-O 11.
Rc1 Bf6 12. Ne4 Be7 13. Ng3 Bg6 14. Bd3 Qd7 15. Bxg6 hxg6 16. Qe2 Rad8 17. Rfd1 Rfe8 18. a3 a5 19. Qc2 Qc8 20. Ne4 Bf8 21. Rd3 Ne7 22. Bg5 Qa8 23. Ne5 Nd7 24. Rf3 Nf5 25. Qc3 Nxe5 26. dxe5 Nd4 27. Re3 Be7 28. Rce1 a4 29.
Bxe7 Rxe7 30. g4 b6 31. Rd3 Red7 32. Kf1 Ne2 33. Kxe2 Rxd3 34. Qxd3 Rxd3 35. Kxd3 b5 36. Kc3 Qa5+ 0-1

[Event "Early-Titled-Tuesday-Blitz-March-26-2024"]
[Site "Chess.com"]
[Date "2024.03.26"]
[Round "3"]
[White "kai_nov"]
[Black "Boudicca64"]
[Result "1-0"]
[WhiteElo "2336"]
[BlackElo "1830"]
[TimeControl "180+1"]
[EndTime "8:27:33 PDT"]
[Termination "kai_nov won on time"]

1. e4 g6 2. d4 Bg7 3. Nc3 c5 4. dxc5 Qa5 5. Bd2 Qxc5 6. Nf3 Nf6 7. Bd3 O-O 8. O-O d6 9. Be3 Qb4 10. a3 Qxb2 11. Na4 Qxa1 12. Qxa1 Nxe4 13. Bd4 Nf6 14. Nc3 Nc6 15. Be3 Bg4 16. Be2 Ne4 17. Nd4 Nxc3 18. Bxg4 Nxd4 19. Qe1 Nd5 20. Bxd4 Bxd4 21. Bf3 e6 22.
Bxd5 exd5 23. Qd2 Bc5 24. Qxd5 b6 25. c4 Rfe8 26. g3 Re5 27. Qf3 Rae8 28. Kg2 Re2 29. Qd3 Ra2 30. h4 Ree2 31. Qd5 Bxf2 32. Kh3 h5 33. Qa8+ 1-0

[Event "Early-Titled-Tuesday-Blitz-March-26-2024"]
[Site "Chess.com"]
[Date "2024.03.26"]
[Round "3"]
[White "Sina_Movahed"]
[Black "martabartel"]
[Result "1-0"]
[WhiteElo "3078"]
[BlackElo "2215"]
[TimeControl "180+1"]
[EndTime "8:27:36 PDT"]
[Termination "Sina_Movahed won on time"]

1. e4 c5 2. Nf3 Nc6 3. d4 cxd4 4. Nxd4 Nf6 5. Nc3 d6 6. Bg5 e6 7. Qd3 a6 8. Nxc6 bxc6 9. O-O-O e5 10. f4 Be7 11. fxe5 dxe5 12. Qxd8+ Bxd8 13. Bc4 h6 14. Be3 Be7 15. h3 O-O 16. a3 a5 17. g4 Ba6 18.
Bxa6 Rxa6 19. Rhg1 Raa8 20. h4 Rfd8 21. g5 hxg5 22. hxg5 Nh5 23. Rdf1 g6 24. Ne2 Kg7 25. Rf3 Rh8 26. Kb1 Rad8 27. a4 Nf4 28. Nxf4 exf4 29. Bxf4 Rh4 30. Bc7 Rd2 31. Bxa5 Re2 32. Bc3+ Kg8 33. a5 Rexe4 34. Rd3 Rhg4 35. Rxg4 Rxg4 36. Rh3 f5 37. gxf6 Bc5 38. a6 Kf7 39. a7 1-0

[Event "Early-Titled-Tuesday-Blitz-March-26-2024"]
[Site "Chess.com"]
[Date "2024.03.26"]
[Round "3"]
[White "alekroth65"]
[Black "BozeKat"]
[Result "1-0"]
[WhiteElo "2388"]
[BlackElo "2068"]
[TimeControl "180+1"]
[EndTime "8:27:37 PDT"]
[Termination "alekroth65 won by resignation"]

1. d4 d5 2. c4 e6 3. Nf3 Nf6 4. Bg5 Nbd7 5. cxd5 exd5 6. e3 Be7 7. Nc3 h6 8. Bf4 c6 9. Qc2 O-O 10. Bd3 Re8 11.
O-O Nf8 12. h3 Ne6 13. Bh2 Bd7 14. Ne5 Rc8 15. Bf5 Nf8 16. Nxd7 N8xd7 17. Rab1 b6 18. b4 c5 19. bxc5 bxc5 20. Nb5 cxd4 21. Bc7 a6 22. Bxd8 Rxc2 23. Bxe7 Rxa2 24. Bxf6 Nxf6 25. Nxd4 g6 26.
Bd3 a5 27. Ra1 Rd2 28. Rfd1 Rxd1+ 29. Rxd1 Rc8 30. Ra1 Rc3 31. Bc2 Rc5 32. Kf1 Kg7 33. Ke2 Nd7 34. Kd2 Nb6 35. Bd3 a4 36. Rb1 Nd7 37.
Rb7 Ne5 38. Ne6+ 1-0

[Event "Early-Titled-Tuesday-Blitz-March-26-2024"]
[Site "Chess.com"]
[Date "2024.03.26"]
[Round "3"]
[White "deribas12345"]
[Black "leoduarte"]
[Result "1-0"]
[WhiteElo "2616"]
[BlackElo "2402"]
[TimeControl "180+1"]
[EndTime "8:27:38 PDT"]
[Termination "deribas12345 won on time"]

1. d4 d5 2. c4 dxc4 3. Nc3 Nf6 4. e4 e5 5. d5 c6 6. Bxc4 Bb4 7. Ne2 Nxe4 8. O-O Nxc3 9. bxc3 Bd6 10. Ng3 O-O 11. Ne4 cxd5 12. Bxd5 Be7 13. Be3 Nc6 14. Rb1 Kh8 15.
c4 f5 16. Nc3 Bf6 17. Bc5 Be7 18. Bxe7 Qxe7 19. Qa4 Nd4 20. Rfe1 Qc7 21. h3 Ne6 22. Nb5 Qb8 23. Qb4 Bd7 24. Nd6 Nd4 25. Rb2 Bc6 26.
Nf7+ Rxf7 27. Bxf7 f4 28. Bd5 Bxd5 29. cxd5 f3 30. Qe7 1-0

[Event "Early-Titled-Tuesday-Blitz-March-26-2024"]
[Site "Chess.com"]
[Date "2024.03.26"]
[Round "3"]
[White "Kapitan_Bayan"]
[Black "Ticoluis"]
[Result "1-0"]
[WhiteElo "2289"]
[BlackElo "2497"]
[TimeControl "180+1"]
[EndTime "8:27:40 PDT"]
[Termination "Kapitan_Bayan won by resignation"]

1. e4 e5 2. Nf3 Nc6 3. Bc4 Nf6 4. d3 Bc5 5. O-O d6 6. c3 a6 7. a4 Ba7 8. Nbd2 O-O 9. h3 Ne7 10. Re1 Ng6 11. Nf1 Nh5 12. d4 Nhf4 13. Ng3 Qf6 14. Nh5 Qe7 15. Nxf4 exf4 16. e5 dxe5 17. Nxe5 Qf6 18.
Nxg6 hxg6 19. Qf3 g5 20. h4 c5 21. hxg5 Qxg5 22. Bxf4 Qg6 23. dxc5 Bxc5 24. Re5 Ba7 25.
Rg5 Qf6 26. Qg3 Re8 27. Be5 Rxe5 28. Rxe5 Bf5 29. Re2 Bg6 30. Rae1 Rf8 31. Re8 Bc5 32. Rxf8+ Bxf8 33. Re8 Qc6 34. Qb8 Qc5 35. b4 1-0

[Event "Early-Titled-Tuesday-Blitz-March-26-2024"]
[Site "Chess.com"]
[Date "2024.03.26"]
[Round "3"]
[White "Philippians46"]
[Black "kingofthenil"]
[Result "1-0"]
[WhiteElo "3022"]
[BlackElo "2783"]
[TimeControl "180+1"]
[EndTime "8:27:41 PDT"]
[Termination "Philippians46 won on time"]

1. d4 d5 2. c4 dxc4 3. Nf3 b5 4. a4 b4 5. e3 Nf6 6. Bxc4 e6 7. a5 c5 8. O-O Be7 9. Nbd2 O-O 10. dxc5 Qc7 11. Nb3 Na6 12. Bd2 Rb8 13. Rc1 Ne4 14. c6 Qxc6 15. Nbd4 Qa8 16. Qe2 Nac5 17. Rfd1 a6 18.
Be1 Bf6 19. Nb3 Na4 20. Nfd4 Rd8 21. f3 Nec5 22. Bg3 e5 23. Nc2 Be6 24. Rxd8+ 1-0

[Event "Early-Titled-Tuesday-Blitz-March-26-2024"]
[Site "Chess.com"]
[Date "2024.03.26"]
[Round "3"]
[White "ernestina08chess"]
[Black "m_ezat"]
[Result "0-1"]
[WhiteElo "2241"]
[BlackElo "2562"]
[TimeControl "180+1"]
[EndTime "8:27:42 PDT"]
[Termination "m_ezat won by resignation"]

1. e4 e5 2. Nf3 Nc6 3. Bc4 Nf6 4. d3 h6 5. O-O d6 6. c3 g5 7. Re1 Bg7 8. a4 Ne7 9. d4 Bg4 10. Nbd2 Ng6 11. Qb3 O-O 12. Qxb7 Bxf3 13. Nxf3 g4 14. Nd2 Nh5 15. Nf1 exd4 16. cxd4 Bxd4 17. Qd5 Be5 18. Bxh6 Ngf4 19. Qd1 Qh4 20. Bxf8 Rxf8 21. Ng3 Kh8 22. Ra3 Bxb2 23. Rb3 Be5 24. Nf5 Qg5 25. Be2 Rg8 26. Ng3 Nf6 27. f3 c5 28.
fxg4 Bd4+ 29. Kh1 Nxe2 30. Qxe2 Nxg4 31. Rf3 Rg7 32. Nf5 Rh7 33. h3 Ne5 34. Nxd4 cxd4 35. Rf5 Qg3 36. Ref1 Ng4 37. Qxg4 Qxg4 38. Rxf7 Rxf7 39. Rxf7 Qxe4 40. Rf8+ Kg7 0-1

[Event "Early-Titled-Tuesday-Blitz-March-26-2024"]
[Site "Chess.com"]
[Date "2024.03.26"]
[Round "3"]
[White "dealshark"]
[Black "babyking1205"]
[Result "0-1"]
[WhiteElo "2310"]
[BlackElo "2615"]
[TimeControl "180+1"]
[EndTime "8:27:42 PDT"]
[Termination "babyking1205 won by checkmate"]

1. Nf3 c5 2. g3 d5 3. Bg2 Nf6 4. O-O g6 5. d4 cxd4 6. Nxd4 Bg7 7. c4 Nc6 8. Nc3 e6 9. Bg5 h6 10. Bf4 O-O 11. cxd5 Nxd4 12. Qxd4 Nxd5 13. Qc4 Nxc3 14. bxc3 e5 15. Be3 Be6 16. Qb4 Qc7 17. Bc5 Rfc8 18. Bd6 Qxc3 19. Qxb7 Qc2 20. h4 Qxe2 21. Rfe1 Qd2 22.
Rad1 Qxa2 23. Qb5 a5 24. Bxa8 Rxa8 25. Bxe5 Bf8 26. Ra1 Qd2 27. Bf4 Qc3 28. Rec1 Qf3 29. Rxa5 Rxa5 30. Qxa5 Bd5 31. Kf1 Qd3+ 32. Kg1 Qe4 33. Kf1 Bb4 34. Rc8+ Kh7 35. Qd8 Qd3+ 36. Kg1 Qd1+ 37. Kh2 Qh1# 0-1

[Event "Early-Titled-Tuesday-Blitz-March-26-2024"]
[Site "Chess.com"]
[Date "2024.03.26"]
[Round "3"]
[White "AsaHoffmann"]
[Black "AquivaRubinstein"]
[Result "0-1"]
[WhiteElo "2391"]
[BlackElo "2602"]
[TimeControl "180+1"]
[EndTime "8:27:45 PDT"]
[Termination "AquivaRubinstein won by resignation"]

1. d4 Nf6 2. Bg5 c5 3. d5 Ne4 4.
Bc1 e6 5. Nf3 exd5 6. Qxd5 Nf6 7.
Qb3 d5 8. Bg5 Be7 9. e3 O-O 10. c4 dxc4 11. Bxc4 Nc6 12. Nbd2 Na5 13. Qc2 Nxc4 14. Qxc4 Be6 15. Qe2 Qb6 16. b3 h6 17. Bh4 Rfd8 18. O-O Bf5 19. e4 Bg4 20. h3 Bh5 21. Nc4 Qe6 22. e5 Nd5 23. Bg3 b5 24.
Ne3 Nc3 25. Qb2 b4 26. Nh2 Ne2+ 27. Kh1 Nxg3+ 28. fxg3 Bg6 29. Nf3 Rd3 30. Nc4 Rad8 31. Qe2 Rc3 32. Qf2 Bd3 33. Rfd1 Bxc4 34. Rxd8+ Bxd8 35. bxc4 Qxc4 36. Rd1 Bb6 37. Qe1 Rc2 38. Kh2 Qe2 39.
Qxe2 Rxe2 40. Rd7 c4 41. Nh4 Rxe5 42. g4 g6 43. Nf3 Re3 44. Kg3 c3 45. Kf4 c2 0-1

[Event "Early-Titled-Tuesday-Blitz-March-26-2024"]
[Site "Chess.com"]
[Date "2024.03.26"]
[Round "3"]
[White "Juicy_Fork"]
[Black "CarlosjPineror"]
[Result "1-0"]
[WhiteElo "2520"]
[BlackElo "2755"]
[TimeControl "180+1"]
[EndTime "8:27:46 PDT"]
[Termination "Juicy_Fork won by resignation"]

1. e4 c5 2. Nf3 e6 3. d4 cxd4 4. Nxd4 a6 5. c4 Qc7 6. Nc3 Nf6 7. a3 d6 8. Bd3 Be7 9. Qe2 Nbd7 10. f4 b6 11. O-O Bb7 12. g4 g6 13. g5 Nh5 14.
f5 e5 15. Nc2 Nc5 16. Nb4 Bd8 17.
Nbd5 Bxd5 18. Nxd5 Qb7 19. Bc2 O-O 20. b4 Nd7 21. f6 b5 22. cxb5 axb5 23. Be3 Nb6 24.
Qxb5 Rb8 25. Bxb6 Bxb6+ 26. Qxb6 Qxb6+ 27. Nxb6 Rxb6 28. Rfc1 Nf4 29. Kf2 Ne6 30. h4 h6 31.
gxh6 Kh7 32. Ke3 Kxh6 33. Bd3 Nd4 34. Rc4 Ne6 35. a4 Ra8 36. a5 Rb7 37. a6 Rb6 38. a7 Nc5 39. bxc5 dxc5 40. Rxc5 Rb7 41. Rca5 1-0

[Event "Early-Titled-Tuesday-Blitz-March-26-2024"]
[Site "Chess.com"]
[Date "2024.03.26"]
[Round "3"]
[White "Mysterio47"]
[Black "KarstenHansch"]
[Result "1-0"]
[WhiteElo "2713"]
[BlackElo "2497"]
[TimeControl "180+1"]
[EndTime "8:27:46 PDT"]
[Termination "Mysterio47 won by resignation"]

1. e4 c5 2. Nf3 e6 3. d4 cxd4 4.
Nxd4 Nc6 5. Nc3 a6 6. Be3 Nf6 7.
a3 Qc7 8. Be2 b5 9. Nxc6 Qxc6 10. Bf3 e5 11. O-O d6 12. Bg5 Be6 13. Bxf6 gxf6 14. a4 b4 15. Nd5 Bxd5 16. exd5 Qc4 17. Bg4 Rg8 18. h3 Bh6 19. a5 Ke7 20. c3 Rab8 21.
Ra4 Rb5 22. Be2 Qxd5 23. Qxd5 Rxd5 24. cxb4 Rd4 25. Bxa6 Rb8 26. Rfa1 Bd2 27. Be2 Bxb4 28.
a6 Bc5 29. Rxd4 Bxd4 30. Bf3 Ba7 31. Rc1 Kd7 32. Bc6+ Ke6 33. Bb7 f5 34. b4 e4 35.
b5 e3 36. Kf1 exf2 37. Rc6 Bd4 38. b6 Re8 39. Rc8 1-0

[Event "Early-Titled-Tuesday-Blitz-March-26-2024"]
[Site "Chess.com"]
[Date "2024.03.26"]
[Round "3"]
[White "mertfelin"]
[Black "Andrey_Klymchuk"]
[Result "0-1"]
[WhiteElo "2430"]
[BlackElo "2691"]
[TimeControl "180+1"]
[EndTime "8:27:46 PDT"]
[Termination "Andrey_Klymchuk won by resignation"]

1. e4 e5 2. Nf3 Nc6 3. Bc4 Nf6 4. d3 Bc5 5. c3 d6 6. O-O h6 7. Nbd2 O-O 8. Re1 Bb6 9. h3 Ne7 10. Nf1 Ng6 11. Ng3 c6 12. Bb3 Re8 13. d4 Be6 14. Bc2 a5 15. Be3 Bc7 16. Qd2 a4 17. a3 b5 18. Rad1 Bc4 19. Nf5 Re6 20. Qc1 Qf8 21. g3 d5 22. dxe5 Nxe5 23. N3d4 Nxe4 24. Bf4 Rf6 25. Ne3 Rxf4 26. gxf4 Ng6 27. Nxc4 bxc4 28. Bxe4 Bxf4 29. Qc2 dxe4 30. Qxe4 Ra5 31. Nf3 Kh7 32. Rd7 Rh5 33. Qe8 Qxe8 34. Rxe8 Bc1 35. Rxf7 Bxb2 36.
Rc8 Ne5 37. Nd4 Nxf7 0-1

[Event "Early-Titled-Tuesday-Blitz-March-26-2024"]
[Site "Chess.com"]
[Date "2024.03.26"]
[Round "3"]
[White "GiorgianBarbosa"]
[Black "GaiozNigalidze"]
[Result "0-1"]
[WhiteElo "2502"]
[BlackElo "2726"]
[TimeControl "180+1"]
[EndTime "8:27:47 PDT"]
[Termination "GaiozNigalidze won on time"]

1. c4 Nf6 2. g3 g6 3. Bg2 Bg7 4. Nc3 O-O 5. e3 d6 6. Nge2 e5 7. O-O a6 8. b3 Nc6 9. d4 Bg4 10. h3 Bd7 11. Bb2 Re8 12. d5 Ne7 13. e4 Qc8 14.
Kh2 Nh5 15. f4 exf4 16. gxf4 f5 17. Qd2 fxe4 18. Nxe4 Nf5 19. Bxg7 Nfxg7 20. N2g3 Bf5 21. Rae1 Bxe4 22. Nxe4 Qf5 23. Qd4 Rf8 24. Ng5 Rae8 25. Ne6 Nxe6 26. dxe6 Nxf4 27. e7 Rf6 28. Re4 g5 29.
Rg1 Kf7 30. Rge1 Nxg2 31. Kxg2 Qf3+ 32. Kg1 Qg3+ 33. Kh1 Qxh3+ 34. Kg1 Qg3+ 35. Kh1 Rh6+ 0-1

[Event "Early-Titled-Tuesday-Blitz-March-26-2024"]
[Site "Chess.com"]
[Date "2024.03.26"]
[Round "3"]
[White "ajeale2"]
[Black "Dixit_Nikhil"]
[Result "0-1"]
[WhiteElo "2447"]
[BlackElo "2634"]
[TimeControl "180+1"]
[EndTime "8:27:48 PDT"]
[Termination "Dixit_Nikhil won on time"]

1. d4 Nf6 2. Bf4 g6 3. Nc3 Bg7 4. e4 d6 5. Qd2 a6 6. O-O-O b5 7. f3 c6 8. Bd3 Be6 9. h4 h5 10. Nh3 Nbd7 11. Ng5 Bc4 12. Bxc4 bxc4 13. e5 Nd5 14.
e6 Nf8 15. Nxd5 cxd5 16. exf7+ Kd7 17. Rhe1 Qb6 18. Qe3 Bf6 19. Ne6 Rb8 20. Nxf8+ Rhxf8 21. Qc3 Rxf7 22. Bg5 Qb4 23. Qxb4 Rxb4 24. Bxf6 Rxf6 25. c3 Rb8 26. Kc2 Rf4 27. Rh1 Rg8 28. b3 g5 29.
hxg5 Rxg5 30. Rh2 cxb3+ 31. axb3 Rf8 32. Ra1 Rfg8 33. Kd3 Rxg2 34. Rxh5 R2g3 35. Rf5 Ra8 36. Ra5 Ke6 37. Raxd5 Rxf3+ 38. Rxf3 Kxd5 39. Rf7 Ke6 40. Rh7 a5 41. Rh6+ Kd7 42. c4 Rb8 43. Kc3 Rg8 44. Rh3 Rg1 45. Re3 e6 46. Kb2 Rd1 47. Re4 Rd3 0-1

[Event "Early-Titled-Tuesday-Blitz-March-26-2024"]
[Site "Chess.com"]
[Date "2024.03.26"]
[Round "3"]
[White "KuzubovYuriy"]
[Black "Andrei_Skvortsov"]
[Result "1-0"]
[WhiteElo "2915"]
[BlackElo "2726"]
[TimeControl "180+1"]
[EndTime "8:27:50 PDT"]
[Termination "KuzubovYuriy won by resignation"]

1. d4 g6 2. c4 Bg7 3. Nc3 e6 4. Nf3 Ne7 5. h4 d5 6. h5 dxc4 7. h6 Bf6 8. Ne4 Nd5 9. Nxf6+ Nxf6 10. Bg5 c5 11. dxc5 Qa5+ 12. Qd2 Qxd2+ 13. Nxd2 Nfd7 14. Nxc4 f6 15. Be3 Nc6 16. O-O-O Nde5 17. Rh4 g5 18. Re4 Nxc4 19. Rxc4 Bd7 20. f3 O-O-O 21. Rc3 Ne5 22. Bd4 Bc6 23. Bxe5 Rxd1+ 24. Kxd1 fxe5 25. e4 Rg8 26. b4 a6 27. Bc4 Rg6 28. Ke2 Rxh6 29. Rc1 g4 30. Ke3 Rh2 31. Bxe6+ Kc7 32. Bxg4 Rxg2 33. Be6 Rh2 34. Rg1 h6 35. Rg7+ Kd8 36. Bd5 h5 37. Rg5 h4 38. Rxe5 Bxd5 39. Rxd5+ Kc7 40. Rh5 Rxa2 41.
Rxh4 Rb2 42. Rh7+ Kc6 43. Rh6+ Kd7 44. Rb6 Kc7 45. f4 Rc2 46. Kd4 Rc1 47. f5 1-0

[Event "Early-Titled-Tuesday-Blitz-March-26-2024"]
[Site "Chess.com"]
[Date "2024.03.26"]
[Round "3"]
[White "djano"]
[Black "GHANDEEVAM2003"]
[Result "1-0"]
[WhiteElo "2669"]
[BlackElo "3051"]
[TimeControl "180+1"]
[EndTime "8:27:50 PDT"]
[Termination "djano won by resignation"]

1. e4 d6 2. Nc3 g6 3. f4 Bg7 4.
Nf3 c5 5. Bc4 Nc6 6. O-O Nf6 7.
d3 Na5 8. Bb3 O-O 9. Qe1 Bg4 10.
Qh4 Nxb3 11. axb3 e6 12. f5 Bxf3 13. Rxf3 Nd7 14. Bg5 Bf6 15. fxg6 fxg6 16. Rxf6 Nxf6 17. Rf1 Qd7 18. Bxf6 Rf7 19. e5 dxe5 20. Bxe5 Rxf1+ 21. Kxf1 Rf8+ 22. Kg1 Qf7 23. h3 Qf5 24. Qe4 Qf2+ 25. Kh2 Qf5 26. Bd6 Rf7 27. Bg3 b6 28. Qa4 h5 29.
Ne4 Qd5 30. Qe8+ Kg7 31. Nd6 Rf1 32. Qe7+ Kg8 33. Ne4 Qd4 34. Qxe6+ Kh7 35. Qe7+ Kh6 36. Qg5+ Kh7 37. Qe7+ Kg8 38. Qe8+ Kh7 39. Ng5+ Kh6 40.
Nf3 Rxf3 41. gxf3 Qxb2 42. Bf4+ 1-0

[Event "Early-Titled-Tuesday-Blitz-March-26-2024"]
[Site "Chess.com"]
[Date "2024.03.26"]
[Round "3"]
[White "KacperKacprzak"]
[Black "esrosenberg"]
[Result "1-0"]
[WhiteElo "2696"]
[BlackElo "2475"]
[TimeControl "180+1"]
[EndTime "8:27:50 PDT"]
[Termination "KacperKacprzak won by resignation"]

1. e4 e5 2. Nf3 Nc6 3. Nc3 Nf6 4.
h3 d5 5. exd5 Nxd5 6. Bb5 Nxc3 7. bxc3 Bd6 8. O-O O-O 9. Re1 f6 10. d4 exd4 11. cxd4 Bf5 12. c4 Bb4 13. Bd2 Bxd2 14.
Qxd2 Qd6 15. c5 Qd8 16. d5 Ne7 17. Rad1 c6 18. d6 Ng6 19. Bc4+ Kh8 20. Nd4 Bd7 21.
f4 b6 22. Nb3 bxc5 23. Qf2 Re8 24. Nxc5 Rxe1+ 25. Rxe1 Bf5 26. Qd4 Rb8 27. g4 Rb1 28. Rxb1 Bxb1 29. d7 Nh4 30. Qd6 g5 31. Kh2 Nf3+ 32.
Kg2 Nh4+ 33. Kg3 Ng6 34. Ne6 gxf4+ 35. Kh2 1-0

[Event "Early-Titled-Tuesday-Blitz-March-26-2024"]
[Site "Chess.com"]
[Date "2024.03.26"]
[Round "3"]
[White "abelmat"]
[Black "JJDAREK"]
[Result "0-1"]
[WhiteElo "2082"]
[BlackElo "2390"]
[TimeControl "180+1"]
[EndTime "8:27:54 PDT"]
[Termination "JJDAREK won on time"]

1. d4 d6 2. c4 e5 3. e3 exd4 4. exd4 g6 5. Nf3 Bg7 6. Be2 Bg4 7. O-O Ne7 8. Nc3 Nbc6 9. Be3 O-O 10. Qd2 Bxf3 11. Bxf3 Nf5 12. Ne2 Re8 13. Rad1 h5 14. Bxc6 bxc6 15. Nf4 Bh6 16. Rfe1 Re4 17. g3 Bxf4 18.
Bxf4 Rxd4 19. Qc3 c5 20. Rxd4 Nxd4 21. Re4 Qf6 22. Qe3 g5 23. Rxd4 cxd4 24. Qe4 d5 25.
Qxd5 c6 0-1

[Event "Early-Titled-Tuesday-Blitz-March-26-2024"]
[Site "Chess.com"]
[Date "2024.03.26"]
[Round "3"]
[White "GMJustin"]
[Black "Chess4always"]
[Result "0-1"]
[WhiteElo "2353"]
[BlackElo "1994"]
[TimeControl "180+1"]
[EndTime "8:27:55 PDT"]
[Termination "Chess4always won on time"]

1. d4 d5 2. c4 e5 3. dxe5 d4 4. Nf3 Nc6 5. g3 Be6 6. Nbd2 Nge7 7. Bg2 Ng6 8. O-O Qd7 9. Qa4 h5 10. Nb3 Ncxe5 11. Qxd7+ Bxd7 12. Nxe5 Nxe5 13. Nxd4 O-O-O 14. b3 Bc5 15. Bb2 f6 16. h4 Bg4 17. Nf3 Bxf3 18. exf3 Nd3 19. Bc3 Rhe8 20. Rad1 Re2 21. Bh3+ Kb8 22. b4 Bxf2+ 23. Rxf2 Rxf2 24. Rxd3 Rxd3 25. Kxf2 Rxc3 26. c5 Rc2+ 27. Ke3 Rxa2 28. Bf5 Ra3+ 29. Kf4 c6 30. Bg6 Rb3 31. Bxh5 Rxb4+ 32. Kf5 Rb5 0-1

[Event "Early-Titled-Tuesday-Blitz-March-26-2024"]
[Site "Chess.com"]
[Date "2024.03.26"]
[Round "3"]
[White "LLariMarc"]
[Black "Mindhunter08"]
[Result "0-1"]
[WhiteElo "2461"]
[BlackElo "2665"]
[TimeControl "180+1"]
[EndTime "8:27:56 PDT"]
[Termination "Mindhunter08 won by resignation"]

1. d4 d5 2. Nf3 Nf6 3. Bg5 Ne4 4.
Nbd2 Nxg5 5. Nxg5 e5 6. Ngf3 e4 7. Ng1 c5 8. dxc5 Bxc5 9. e3 O-O 10. c3 Nc6 11. Nb3 Bb6 12. Ne2 Be6 13. Ned4 Qf6 14.
Be2 Ne5 15. Qd2 a5 16. a4 Qg6 17. g3 Bh3 18. O-O-O Rfd8 19. Nb5 Rac8 20. N3d4 Bg4 21.
Bxg4 Qxg4 22. Kb1 Rc4 23. b3 Rcc8 24. h3 Qg6 25. g4 Qf6 26. Rhg1 Nd7 27. g5 Qe7 28. Nf5 Qf8 29. Qxd5 Nc5 30. Qe5 Nd3 31. Qxe4 Nxf2 32. Qc2 Nxd1 33. Rxd1 Rxd1+ 34. Qxd1 Rd8 35. Nfd4 Qe7 36. Qg1 Qe4+ 37. Kb2 Re8 38. Nd6 Qxe3 39.
Qxe3 Rxe3 40. Nxb7 Rxh3 41. Nc6 Rg3 42. Nbxa5 Rxg5 43. b4 h5 44. Nc4 Bg1 45. Nd4 Bxd4 46. cxd4 h4 47. Nd2 Rg2 48. Kc3 h3 49. Nf3 Rg3 50.
Kc4 Rxf3 0-1

[Event "Early-Titled-Tuesday-Blitz-March-26-2024"]
[Site "Chess.com"]
[Date "2024.03.26"]
[Round "3"]
[White "ljuks68"]
[Black "vladgoncharov"]
[Result "1-0"]
[WhiteElo "2436"]
[BlackElo "2604"]
[TimeControl "180+1"]
[EndTime "8:27:56 PDT"]
[Termination "ljuks68 won on time"]

1. e4 e6 2. d4 d5 3. Nc3 Nf6 4.
Bg5 Be7 5. e5 Nfd7 6. h4 a6 7. Qg4 f5 8. Qh5+ g6 9. Bxe7 Qxe7 10. Qh6 c5 11. dxc5 Nxe5 12. Be2 Qxc5 13. Qg7 Nf7 14. h5 g5 15. Nf3 h6 16. O-O-O Nc6 17.
Rhe1 Qf8 18. Qf6 Qe7 19. Qg7 Bd7 20. Nxd5 exd5 21. Bd3 Rc8 22. Rxe7+ Nxe7 23. Ne5 Rf8 24. Ng6 Rg8 25. Qf6 Nxg6 26. hxg6 1-0

[Event "Early-Titled-Tuesday-Blitz-March-26-2024"]
[Site "Chess.com"]
[Date "2024.03.26"]
[Round "3"]
[White "frequentblunders"]
[Black "Barmen_EV"]
[Result "0-1"]
[WhiteElo "2187"]
[BlackElo "2556"]
[TimeControl "180+1"]
[EndTime "8:27:56 PDT"]
[Termination "Barmen_EV won on time"]

1. e4 c5 2. Nc3 Nc6 3. f4 e6 4.
Nf3 g6 5. d3 Bg7 6. Be2 Nge7 7.
O-O O-O 8. Be3 b6 9. g4 d5 10.
Bf2 d4 11. Nb1 f5 12. gxf5 exf5 13. e5 h6 14. Nbd2 Be6 15. Bh4 g5 16. fxg5 Ng6 17.
gxh6 Nxh4 18. hxg7 Kxg7 19. Qe1 Nxf3+ 20. Nxf3 Kf7 21. Kh1 Bd5 22. Qg3 Rg8 23. Qf4 Qg5 24. Qxg5 Rxg5 25. c4 dxc3 26. e6+ Kxe6 27. bxc3 Ne5 28.
d4 cxd4 29. cxd4 Ng4 30. Kg1 Rg7 31. Rae1 Kd6 32. h4 f4 33. Ng5 Rh8 34. Bxg4 Rxh4 35. Rxf4 Rxg5 36. Rf6+ Kc7 37. Re7+ Kd8 38. Rd7+ Ke8 39.
Rxd5 Rhxg4+ 40. Kf2 Rxd5 0-1